 Dungeon Crawl Stone Soup version 0.21-a0-460-g737a915 (webtiles) character file.

1117 Laiders the Grappler (level 8, -3/59 HPs)
             Began as a Pale Draconian Transmuter on Nov 20, 2017.
             Killed by divine providence
             ... invoked by an orc priest
              (9 damage)
             ... on level 6 of the Dungeon.
             The game lasted 00:12:14 (4873 turns).

Laiders the Grappler (Pale Draconian Transmuter)    Turns: 4873, Time: 00:12:15

Health: -3/59      AC:  2    Str: 16    XL:     8   Next: 12%
Magic:  7/11       EV: 19    Int: 17    God:
Gold:   324        SH:  0    Dex: 16    Spells: 5/11 levels left

rFire    . . .     SeeInvis .     - Unarmed
rCold    . . .     Gourm    .   (shield currently unavailable)
rNeg     . . .     Faith    .   (armour unavailable)
rPois    x         Spirit   .   (helmet currently unavailable)
rElec    .         Reflect  .   (cloak currently unavailable)
rCorr    .         Harm     .   (gloves currently unavailable)
MR       .....                  (boots currently unavailable)
Stlth    ++........             (no amulet)
HPRegen  0.19/turn              g - +4 ring of strength
MPRegen  0.12/turn              h - ring of stealth

@: spider-form, hasted, very quick
A: (breathe steam), unfitting armour, AC +6
a: End Transformation


You were on level 6 of the Dungeon.
You were not hungry.
You were a venomous arachnid creature.
You visited 1 branch of the dungeon, and saw 6 of its levels.

You collected 324 gold pieces.

Inventory:

Missiles
 a - 89 arrows
Armour
 v - a +2 pair of gloves (melded)
Jewellery
 g - a +4 ring of strength (left front leg)
 h - a ring of stealth (right front leg)
Scrolls
 e - 2 scrolls of teleportation
 i - a scroll of fog
 n - 4 scrolls of remove curse
 o - a scroll of magic mapping {unknown}
 p - a scroll of amnesia {unknown}
 s - 2 scrolls of immolation
 y - a scroll of blinking {unknown}
 z - a scroll of identify
Potions
 f - a potion of magic
 j - a potion of flight
 r - 2 potions of curing
 t - a potion of berserk rage {unknown}
 u - a potion of lignification
 x - a potion of mutation {unknown}
Books
 b - a book of Changes

   Spells                             Type                      Level
   a - Beastly Appendage              Transmutation                1
   b - Sticks to Snakes               Transmutation                2
   c - Spider Form                    Transmutation/Poison         3
   d - Ice Form                       Ice/Transmutation            4
   e - Blade Hands                    Transmutation                5
Comestibles
 c - 5 bread rations
 d - 11 chunks of flesh
 k - 7 fruits
 m - 3 royal jellies
 w - 2 meat rations


   Skills:
 - Level 1.1 Fighting
 - Level 1.7 Dodging
 + Level 8.0 Unarmed Combat
 - Level 2.0 Spellcasting
 - Level 6.3 Transmutations


You had 5 spell levels left.
You knew the following spells:

 Your Spells              Type           Power        Failure   Level  Hunger
a - Beastly Appendage     Tmut           ###...       6%          1    #......
b - Sticks to Snakes      Tmut           ###.....     9%          2    ###....
c - Spider Form           Tmut/Pois      ##........   34%         3    ###....


Dungeon Overview and Level Annotations

Branches:
Dungeon (6/15)
 Temple: D:4-7

Altars:
Dithmenos
Kikubaaqudgha
Vehumet
Yredelemnul


Innate Abilities, Weirdness & Mutations

((You can breathe blasts of scalding, opaque steam.))
((Your pale cyan-grey scales are hard. (AC +6)))
You cannot fit into any form of body armour.
((You are cold-blooded and may be slowed by cold attacks.))


Message History

An orc comes into view.
An orc comes into view. It is wielding a trident.
The hound bites you.
* * * LOW HITPOINT WARNING * * *
The orc moves out of view.
The hound misses you.
You feel yourself speed up. The hound bites you but does no damage.
The orc warrior misses you. The orc priest closely misses you.
The orc shouts!
The orc shouts!
You bite the orc warrior!
The orc warrior is poisoned.
The orc warrior is severely wounded.
The hound misses you. The orc hits you.
* * * LOW HITPOINT WARNING * * *
The hound bites you.
* * * LOW HITPOINT WARNING * * *
The orc priest barely misses you. The orc completely misses you.
The orc priest calls down the wrath of Beogh upon you.
Beogh smites you!
You die...

.. # ## .. .# ..##.. .#
.## ....### #.# .## ..
##...o.####.###... #.##..
#............. .. #..#.#
#..oo.........#...
#.#.###.o..hs...# #..#..
#####...##..).o.....#
'.....
#?...........)......###..#
#.###.#.###<.............#
#...# #.......##.....#
#....##
#######.##.....#####.#
#..##.. #.##..#........##
#.# #.#o
#####.###..#)####.... ...
#.#o ...#.####.).....#.#


You could see an orc warrior, a hound, an orc priest and 3 orcs.

Vanquished Creatures
  A wyvern (D:5)
  Edmund (D:6)
  An orc warrior (D:6)
  A centaur (D:6)
  A scorpion (D:5)
  A howler monkey (D:4)
  A crimson imp (D:4)
  2 bullfrog zombies (D:5)
  3 orc priests
  3 hounds
  3 orc wizards (D:4)
  3 worker ants
  A hound skeleton (D:4)
  8 adders
  10 dart slugs
  A leopard gecko (D:2)
  16 orcs
  5 giant cockroaches
  3 goblins
  5 hobgoblins
  3 jackals (D:5)
  2 kobolds
  A quokka (D:3)
  A bat (D:3)
  A frilled lizard (D:2)
  10 rats
  A spectral orc (D:3)
89 creatures vanquished.

Vanquished Creatures (collateral kills)
  An orc (D:4)
  A bat (D:3)
  A hobgoblin (D:3)
  A quokka (D:3)
4 creatures vanquished.

Vanquished Creatures (others)
  An adder (D:4)
1 creature vanquished.

Grand Total: 94 creatures vanquished

Notes
Turn   | Place    | Note
-------+----------+-------------------------------------------
     0 | D:1      | Laiders the Draconian Transmuter began the quest for the Orb.
     0 | D:1      | Reached XP level 1. HP: 16/16 MP: 3/3
   267 | D:1      | Reached XP level 2. HP: 23/23 MP: 5/5
   271 | D:1      | Learned a level 2 spell: Sticks to Snakes
  1143 | D:2      | Reached XP level 3. HP: 26/28 MP: 6/6
  1148 | D:2      | Learned a level 3 spell: Spider Form
  1158 | D:2      | Found a radiant altar of Vehumet.
  1277 | D:2      | Found a shadowy altar of Dithmenos.
  1623 | D:3      | Reached skill level 4 in Unarmed Combat
  1786 | D:3      | Reached XP level 4. HP: 35/35 MP: 7/7
  1962 | D:3      | Found a basalt altar of Yredelemnul.
  2302 | D:4      | Reached XP level 5. HP: 23/40 MP: 6/8
  2356 | D:4      | Found an ancient bone altar of Kikubaaqudgha.
  2528 | D:4      | Reached skill level 5 in Unarmed Combat
  2751 | D:4      | Reached XP level 6. HP: 47/47 MP: 9/9
  2964 | D:4      | Reached skill level 5 in Transmutations
  3008 | D:4      | HP: 2/47 [orc/club (5)]
  3567 | D:5      | Entered Level 5 of the Dungeon
  3745 | D:5      | Reached skill level 6 in Unarmed Combat
  3745 | D:5      | Your scales start taking on a pale cyan-grey colour.
  3745 | D:5      | Reached XP level 7. HP: 38/52 MP: 6/10
  4688 | D:5      | Noticed a wyvern
  4696 | D:5      | Killed a wyvern
  4773 | D:6      | Reached skill level 7 in Unarmed Combat
  4774 | D:6      | Noticed Edmund
  4792 | D:6      | Killed Edmund
  4856 | D:6      | Reached XP level 8. HP: 38/59 MP: 8/11
  4865 | D:6      | Reached skill level 8 in Unarmed Combat
  4873 | D:6      | Killed from afar by an orc priest

Vault maps used:
D:1:      matt_arrival_refuge
D:2:      nicolae_overflow_hidden_temple,
          nicolae_dithmenos_through_a_glass_darkly
D:3:      yredelemnul_forgotten_temple_becter, grunt_decor_one_mirror,
          roderic_filled_cross, minmay_box_of_dots
D:4:      kennysheep_slugbush, overflow_temple_1_default
D:5:      first_bread
D:6:      nicolae_gozag_seed_capital, minmay_temple_entry_nine_rooms,
          enter_ossuary_1, serial_shops, kennysheep_mini_moat, uniq_edmund

Skill      XL: |  1  2  3  4  5  6  7  8 |
---------------+-------------------------+-----
Transmutations | 3 4 5 6 |  6.3
Unarmed Combat | 4 5 6 7 8 |  8.0
Fighting       | |  1.1
Dodging        | |  1.7
Spellcasting   | |  2.0

Action                   |  1- 3 |  4- 6 |  7- 9 || total
-------------------------+-------+-------+-------++-------
Melee: Unarmed           |    87 |   202 |    87 ||   376
       Tailslap          |    12 |    17 |     3 ||    32
       Headbutt          |     2 |     2 |       ||     4
       Punch             |     2 |     2 |     1 ||     5
       Kick              |       |     4 |     2 ||     6
 Cast: Beastly Appendage |     5 |     5 |     4 ||    14
       Sticks to Snakes  |     2 |     3 |       ||     5
       Spider Form       |       |     3 |     4 ||     7
  Use: Scroll            |       |     8 |       ||     8
       Potion            |       |     5 |     2 ||     7
 Stab: Sleeping          |     2 |     2 |     2 ||     6
  Eat: Chunk             |     3 |     5 |     2 ||    10
       Bread ration      |       |     1 |       ||     1
Armor: Skin              |    18 |    60 |    26 ||   104
Dodge: Dodged            |    60 |   107 |    64 ||   231

Table legend:
 A = Spawn XP
 B = Non-spawn XP
 C = Spawn XP percentage of total XP
 D = Spawn monster count
 E = Non-spawn monster count
 F = Spawn count percentage of total count
 G = Total turns spent on level
                    A         B        C        D         E        F      G
               +---------+---------+-------+---------+---------+-------+---------
         Total |       0 |    1596 |   0.0 |       0 |      94 |   0.0 |  4873
               +---------+---------+-------+---------+---------+-------+---------
           D:1 |       0 |      23 |   0.0 |       0 |      14 |   0.0 |   796
           D:2 |       0 |      22 |   0.0 |       0 |       4 |   0.0 |   688
           D:3 |       0 |      71 |   0.0 |       0 |      22 |   0.0 |   777
           D:4 |       0 |     514 |   0.0 |       0 |      34 |   0.0 |  1306
           D:5 |       0 |     519 |   0.0 |       0 |      13 |   0.0 |  1179
           D:6 |       0 |     447 |   0.0 |       0 |       7 |   0.0 |   127
               +---------+---------+-------+---------+---------+-------+---------
